 Dungeon Crawl Stone Soup version 0.18.1-8-gdd0e5ea (webtiles) character file.

153 Stormphoenix the Cudgeler (level 5, 0/54 HPs)
             Began as an Ogre Berserker on June 12, 2016.
             Was a Believer of Trog.
             Succumbed to a worker ant's poison
             ... on level 4 of the Dungeon.
             The game lasted 00:04:01 (2920 turns).

Stormphoenix the Cudgeler (Ogre Berserker)          Turns: 2920, Time: 00:04:01

Health: 0/54       AC:  4    Str: 23    XL:     5   Next: 35%
Magic:  5/5        EV: 10    Int:  6    God:    Trog [**....]
Gold:   130        SH:  0    Dex:  9    Spells: 0 memorised, 4 levels left

rFire  . . .     SeeInvis .     a - +1 mace
rCold  . . .     Gourm    .     b - +1 animal skin
rNeg   . . .     Faith    .     (no shield)
rPois  .         Spirit   .     (helmet restricted)
rElec  .         Dismiss  .     (no cloak)
rCorr  .         Reflect  .     (gloves unavailable)
SustAt .         Harm     .     (boots unavailable)
MR     .....                    (no amulet)
Stlth  +.........               (no ring)
                                (no ring)

@: lethally poisoned (0 -> -1), not resistant to hostile enchantments, very
unstealthy
A: unfitting armour, tough skin 1
a: Berserk, Trog's Hand, Burn Spellbooks, Renounce Religion


You were on level 4 of the Dungeon.
You worshipped Trog.
Trog was pleased with you.
You were not hungry.

You visited 1 branch of the dungeon, and saw 4 of its levels.

You collected 130 gold pieces.

Inventory:

Hand Weapons
 a - a +1 mace (weapon)
Armour
 b - a +1 animal skin (worn)
Scrolls
 d - a scroll of fear
 e - 3 scrolls of identify
 f - a scroll of enchant armour
Comestibles
 c - 5 bread rations
 g - 4 chunks of flesh
 h - a slice of pizza
 i - a meat ration


   Skills:
 - Level 4.0 Fighting
 + Level 7.7 Maces & Flails
 - Level 2.6 Dodging


You had 4 spell levels left.
You didn't know any spells.

Dungeon Overview and Level Annotations

Branches:
Dungeon (4/15)
 Temple: D:4-7

Altars:
Gozag
Zin


Innate Abilities, Weirdness & Mutations

You are too large for most types of armour.
You have tough skin (AC +1).


Message History

Read which item? (? for menu, Esc to quit)
Okay, then.
* * * LOW HITPOINT WARNING * * *
You feel sick.
You see here a worker ant corpse.
* * * LOW HITPOINT WARNING * * *
You feel sick.
* * * LOW HITPOINT WARNING * * *
You feel sick.
* * * LOW HITPOINT WARNING * * *
You feel sick.
You open the door.
* * * LOW HITPOINT WARNING * * *
You feel sick.
There is an open door here.
* * * LOW HITPOINT WARNING * * *
You feel sick.
* * * LOW HITPOINT WARNING * * *
You feel sick.
You die...

#........#.###
#.....†..#.#
#........#.#
#........#..
#........##.
#### #....[...#
.. ....
####'#####
##.#..########.#
.......@.......#
##.#..######...#
.... #...# .##.
#...# .. #...#
.# #...# #...#
#...#


There were no monsters in sight!

Vanquished Creatures
  2 worker ants (D:4)
  A gnoll (D:1)
  3 adders
  An ooze (D:3)
  A worm (D:2)
  2 dart slugs
  3 giant geckos
  An orc (D:3)
  A giant cockroach (D:1)
  6 goblins
  3 hobgoblins
  2 jackals (D:1)
  2 quokkas
  3 ball pythons
  8 bats
  4 giant newts
  5 kobolds
  7 rats
55 creatures vanquished.

Notes
Turn   | Place    | Note
--------------------------------------------------------------
     0 | D:1      | Stormphoenix the Ogre Berserker began the quest for the Orb.
     0 | D:1      | Reached XP level 1. HP: 24/24 MP: 1/1
   377 | D:1      | Reached XP level 2. HP: 12/32 MP: 2/2
   644 | D:1      | Reached skill level 5 in Maces & Flails
   985 | D:1      | Reached XP level 3. HP: 39/39 MP: 3/3
  1246 | D:2      | Found a glowing silver altar of Zin.
  1246 | D:2      | Found an opulent altar of Gozag.
  1505 | D:2      | Reached ** piety under Trog
  1634 | D:2      | Reached skill level 6 in Maces & Flails
  1763 | D:2      | Found an opulent altar of Gozag.
  1930 | D:2      | Reached XP level 4. HP: 47/48 MP: 4/4
  2568 | D:3      | Reached skill level 7 in Maces & Flails
  2864 | D:4      | Reached XP level 5. HP: 46/54 MP: 5/5
  2910 | D:4      | HP: 2/54 [poisoned by a worker ant]
  2917 | D:4      | HP: 1/54 [poisoned by a worker ant]
  2920 | D:4      | Succumbed to a worker ant's poison

Skill      XL: |  1  2  3  4 |
---------------+-------------+-----
Maces & Flails | 5 6 7 |  7.7
Fighting       | |  4.0
Dodging        | |  2.6

Action                   |  1- 3 |  4- 6 || total
-------------------------+-------+-------++-------
Melee: Mace              |    95 |    77 ||   172
  Use: Scroll            |     2 |     5 ||     7
       Potion            |     1 |     1 ||     2
  Eat: Chunk             |     3 |     3 ||     6
Armor: Animal skin       |    27 |    15 ||    42
Dodge: Dodged            |    75 |    40 ||   115
